 Dungeon Crawl Stone Soup version 0.30-a0-439-g9e77e4d916 (webtiles) character file.

Game seed: 1443338073527690569

19016 NinjaNoafa the Fighter (level 12, 0/75 HPs)
             Began as a Gargoyle Delver on Dec 10, 2022.
             Was a High Priest of Okawaru.
             Slain by an azure jelly (6 damage)
             ... in an ice cave.
             The game lasted 00:34:43 (10829 turns).

NinjaNoafa the Fighter (Gargoyle Delver)           Turns: 10829, Time: 00:34:44

Health: 0/75       AC: 19    Str: 18    XL:     12   Next: 64%
Magic:  30/30      EV: 14    Int: 16    God:    Okawaru [*****.]
Gold:   294        SH:  5    Dex: 14    Spells: 14/21 levels left

rFire   + + .      SeeInvis .    I - +8 hand axe "Jecleit" {vorpal, rPois MP+9 Str+2}
rCold   + . .      Faith    .    F - +0 buckler
rNeg    + + .      Spirit   .    A - +2 robe of Unesush {rF++}
rPois   ∞          Reflect  .    (no helmet)
rElec   +          Harm     .    (no cloak)
rCorr   .          Rampage  .    e - +2 pair of gloves {Dex+3}
Will    .....      Clarity  +    z - +2 pair of boots {Stlth+}
Stlth   +++++.....               j - amulet of magic regeneration
HPRegen 1.12/turn                v - ring of positive energy
MPRegen 0.62/turn                K - ring of protection from cold

@: invisible
A: sickness immunity, AC +8, negative energy resistance 1, electricity
resistance, torment resistance 1, petrification resistance, talons 1, clarity,
high MP 1, regeneration 1
a: Renounce Religion, Heroism, Finesse, Duel


You were in an ice cave.
You worshipped Okawaru.
Okawaru was extremely pleased with you.
You visited 2 branches of the dungeon, and saw 13 of its levels.
You also visited: Ice Cave.

You collected 679 gold pieces.
You spent 385 gold pieces at shops.

Inventory:

Hand Weapons
 I - the +8 hand axe "Jecleit" (weapon) {vorpal, rPois MP+9 Str+2}
   (Okawaru gifted it to you in an ice cave)

   It inflicts extra damage upon your enemies.
   Str:       It affects your strength (+2).
   rPois:     It protects you from poison.
   MP:        It affects your magic capacity (+9).
Missiles
 d - 139 stones
 p - 18 poisoned darts
 y - 2 boomerangs
 L - 5 curare-tipped darts (quivered)
 M - 3 javelins
 S - an atropa-tipped dart
Armour
 e - a +2 pair of gloves of dexterity (worn)
 z - a +2 pair of boots of stealth (worn)
 A - the +2 robe of Unesush (worn) {rF++}
   (You found it on level 5 of the Dungeon)

   rF:        It greatly protects you from fire.
 F - a +0 buckler (worn)
Jewellery
 j - an amulet of magic regeneration (around neck)
 v - a ring of positive energy (left hand)
 J - a ring of protection from fire
 K - a ring of protection from cold (right hand)
Wands
 f - a wand of flame (29)
 g - a wand of digging (2)
 q - a wand of roots (3)
 C - a wand of quicksilver (2)
Scrolls
 c - 3 scrolls of fog
 h - 2 scrolls of enchant weapon
 i - a scroll of silence
 k - a scroll of poison {unknown}
 n - a scroll of immolation
 r - a scroll of acquirement {unknown}
 s - 3 scrolls of vulnerability
 u - a scroll of noise
 B - a scroll of torment {unknown}
 D - 2 scrolls of teleportation
 G - 2 scrolls of brand weapon {unknown}
Potions
 a - 3 potions of lignification
 b - 2 potions of curing
 l - 4 potions of brilliance
 m - 3 potions of attraction
 t - 2 potions of flight
 N - 2 potions of magic {unknown}
 P - a potion of berserk rage {unknown}
 R - 2 potions of degeneration {unknown}
Miscellaneous
 Q - a lightning rod (inert)


   Skills:
 - Level 8.3 Fighting
 - Level 8.0(8.2) Axes
 - Level 2.5(6.1) Maces & Flails
 - Level 5.0 Throwing
 - Level 6.4 Armour
 - Level 6.2 Dodging
 - Level 8.0 Stealth
 - Level 5.4 Shields
 - Level 5.0 Spellcasting
 - Level 5.5 Conjurations
 - Level 6.0 Earth Magic
 + Level 7.0 Invocations
 - Level 5.0 Evocations


You had 14 spell levels left.
You knew the following spells:

 Your Spells              Type           Power      Damage    Failure   Level
a - Sandblast             Erth           46%        2d11      1%          1
b - Passwall              Tmut/Erth      10%        N/A       9%          2
c - Stone Arrow           Conj/Erth      44%        3d9       5%          3
z - Shock                 Conj/Air       48%        1d6       6%          1

Your spell library contained the following spells:

 Spells                   Type           Power      Damage    Failure   Level
 Magic Dart               Conj           84%        1d7       1%          1
 Searing Ray              Conj           42%        2d6       3%          2
 Momentum Strike          Conj/Tloc      24%        3d8       10%         2
 Apportation              Tloc           8%         N/A       19%         1
 Blink                    Tloc           8%         N/A       28%         2
 Inner Flame              Hex/Fire       4%         N/A       50%         3
 Lesser Beckoning         Tloc           8%         N/A       50%         3
 Swiftness                Air            4%         N/A       50%         3
 Fulminant Prism          Conj/Hex       6%         3d6       52%         4
 Airstrike                Air            2%         2d(1-17)  88%         4
 Cause Fear               Hex            2%         N/A       88%         4
 Alistair's Intoxication  Tmut/Pois      2%         N/A       99%         5
 Discord                  Hex            2%         N/A       100%        8
 Summon Small Mammal      Summ           Unusable   N/A       N/A         1
 Call Canine Familiar     Summ           Unusable   N/A       N/A         3
 Summon Guardian Golem    Hex/Summ       Unusable   N/A       N/A         3

Dungeon Overview and Level Annotations

Branches:
Dungeon (12/15)            Temple (1/1) D:4            Lair (0/5) D:10
    Orc (0/2) D:10          IceCv (1/1)

Altars:
Ashenzari
Cheibriados
Dithmenos
Elyvilon
Fedhas
Gozag
Hepliaklqana
Kikubaaqudgha
Makhleb
Okawaru
Qazlal
Ru
Sif Muna
Trog
Uskayaw
Vehumet
Wu Jian
Xom
Yredelemnul
Zin
The Shining One

Shops:
D:2 [   D:3 (

Annotations:
IceCv exclusion: ice statue


Innate Abilities, Weirdness & Mutations

You are immune to sickness and miasma.
Your stone body is resilient. (AC +8)
You are immune to poison.
You resist negative energy. (rN+)
You are resistant to electric shocks. (rElec)
You are resistant to unholy torment.
You are immune to petrification.
You have sharp toenails.
You possess an exceptional clarity of mind.
You have an increased reservoir of magic. (+10% MP)
Your natural rate of healing is unusually fast.


Message History

The azure jelly attacks as you move away!
The azure jelly hits you but does no damage.
The azure jelly hits you. The azure jelly freezes you! You resist.
The azure jelly hits you. The azure jelly hits you!
The azure jelly attacks as you move away!
The azure jelly hits you but does no damage.
The azure jelly hits you. The azure jelly freezes you! You resist.
You block the azure jelly's attack. The azure jelly closely misses you.
The azure jelly hits you! The azure jelly freezes you! You resist.
* * * LOW HITPOINT WARNING * * *
The azure jelly hits you but does no damage. x2
The azure jelly closely misses you.
The azure jelly attacks as you move away!
The azure jelly hits you but does no damage.
The azure jelly closely misses you.
The azure jelly hits you but does no damage.
The azure jelly hits you.
* * * LOW HITPOINT WARNING * * *
Okay, then.
Blink to where?
Press: ? - help, Dir - move target
There is a wall there.
Okay, then.
Blink to where?
Press: ? - help, Dir - move target
As you read the scroll of blinking, it crumbles to dust.
You fade into invisibility!
The azure jelly hits you.
* * * LOW HITPOINT WARNING * * *
The azure jelly freezes you! You resist.
* * * LOW HITPOINT WARNING * * *
The azure jelly hits you but does no damage.
The azure jelly hits you.
* * * LOW HITPOINT WARNING * * *
The azure jelly barely misses you.
The azure jelly attacks as you move away!
The azure jelly hits you but does no damage. x2
The azure jelly barely misses you. You block the azure jelly's attack.
The azure jelly hits you.
You die...

.....###....###.....###......#
..#............Z..######.....#
..##....####..,.###.)........#
...##....########..).##.....##
....###......##.....##.....##
##....####.......####...####
###.....###...####....##
###.....#####.....###
####..[.J.J@.#### ####...####
##.## ##.## ##.§.## #..∩..#
##.∩.## #####


You could see an azure jelly and a slime creature (unable to see you).

Vanquished Creatures
  A boulder beetle (D:11)
  A two-headed ogre (D:11)
  Pikel (Temple)
  The ghost of p00ps00p the Shield-Bearer, a novice HOFi of Gozag (D:6)
  An ugly thing (D:12)
  11 slime creatures
  A cyclops (D:12)
  An ice statue (IceCv)
  2 gargoyles
  A kobold demonologist (D:9)
  A troll (D:10)
  A vampire (D:11)
  2 shadows (D:10)
  A wyvern (D:9)
  21 yaks
  3 steam dragons
  Menkaure (D:7)
  6 vampire mosquitoes
  3 acid dragons
  2 water moccasins
  An ice beast (D:5)
  3 black bears
  3 sky beasts
  An ogre (D:6)
  14 centaurs
  2 phantoms
  2 kobold brigands (D:8)
  A lemure (Temple)
  A slime creature simulacrum (IceCv)
  Blork the orc (D:4)
  5 bullfrogs
  4 scorpions
  2 gnoll sergeants
  A glowing shapeshifter simulacrum (IceCv)
  3 necrophages
  9 wights
  4 troll zombies (D:10)
  21 killer bees
  5 howler monkeys
  A hound (D:7)
  2 jellies
  2 gnoll boudas
  4 orc priests
  3 iguanas
  7 orc wizards
  A shapeshifter simulacrum (IceCv)
  4 ogre zombies (D:10)
  14 gnolls
  9 adders
  3 white imps
  An ufetubus (D:6)
  A worm (D:5)
  4 dart slugs
  20 orcs
  7 endoplasms
  4 giant cockroaches
  4 goblins
  4 hobgoblins
  9 jackals
  14 kobolds
  3 quokkas
  11 ball pythons
  10 bats
  A frilled lizard (D:1)
  A goblin skeleton (D:10)
  4 goblin zombies (D:10)
  2 hobgoblin skeletons (D:10)
  4 hobgoblin zombies (D:10)
  2 orc skeletons (D:10)
  12 orc zombies (D:10)
  7 rats
320 creatures vanquished.

Vanquished Creatures (others)
  A wight (D:8)
  A jelly (D:5)
  An orc wizard (D:6)
3 creatures vanquished.

Grand Total: 323 creatures vanquished

Notes
Turn   | Place    | Note
-------+----------+-------------------------------------------
     0 | D:5      | NinjaNoafa the Gargoyle Delver began the quest for the Orb.
     0 | D:5      | Reached XP level 1. HP: 14/14 MP: 1/1
    17 | D:5      | Noticed an ice beast
    42 | D:5      | Noticed a jelly
    69 | D:4      | Noticed a lemure
   145 | D:4      | Noticed a scorpion
   255 | D:4      | Reached XP level 2. HP: 19/19 MP: 2/2
   630 | D:2      | Reached XP level 3. HP: 23/23 MP: 3/3
   654 | D:1      | Reached skill level 1 in Armour
  1583 | D:2      | Reached XP level 4. HP: 29/29 MP: 4/4
  1607 | D:2      | Found a glowing silver altar of Zin.
  1714 | D:2      | Found Upriesa's Antique Armour Emporium.
  2373 | D:3      | Found Nuvuogi's Antique Weapon Shop.
  2379 | D:3      | Bought a steaming hand axe for 160 gold pieces
  2379 | D:3      | Identified the +8 hand axe of an ice cave {vorpal, Str+3}
                  | (You bought it in a shop on level 3 of the Dungeon)
  2623 | D:3      | Reached XP level 5. HP: 27/33 MP: 5/5
  2826 | D:4      | Reached skill level 1 in Axes
  2826 | D:4      | Reached XP level 6. HP: 38/39 MP: 6/6
  2891 | D:4      | Found a staircase to the Ecumenical Temple.
  2900 | D:4      | Found an iron altar of Okawaru.
  2903 | D:4      | Noticed Pikel
  2908 | Temple   | Entered the Ecumenical Temple
  3078 | Temple   | Killed Pikel
  3079 | Temple   | Reached skill level 5 in Fighting
  3079 | Temple   | Reached XP level 7. HP: 44/44 MP: 7/7
  3152 | D:4      | Became a worshipper of Warmaster Okawaru
  3164 | D:4      | Noticed Blork the orc
  3174 | D:4      | Killed Blork the orc
  3362 | D:4      | Reached XP level 8. HP: 43/50 MP: 8/8
  3515 | D:5      | Found a basalt altar of Yredelemnul.
  3520 | D:5      | Identified the +2 robe of Unesush {rF++}
  4079 | D:6      | Reached * piety under Okawaru
  4142 | D:6      | Found a transporter.
  4153 | D:6      | Found a transporter.
  4154 | D:6      | Noticed p00ps00p's ghost (novice HOFi)
  4157 | D:6      | Noticed a yak
  4232 | D:6      | Found a white marble altar of Elyvilon.
  4265 | D:6      | Found an ancient bone altar of Kikubaaqudgha.
  4352 | D:6      | Reached skill level 5 in Axes
  4352 | D:6      | Reached skill level 5 in Dodging
  4352 | D:6      | Reached skill level 5 in Conjurations
  4352 | D:6      | Reached XP level 9. HP: 57/57 MP: 8/13
  4450 | D:6      | Learned a level 1 spell: Sandblast
  4453 | D:6      | Learned a level 2 spell: Passwall
  4457 | D:6      | Learned a level 3 spell: Stone Arrow
  4468 | D:6      | Learned a level 1 spell: Shock
  4662 | D:6      | Reached XP level 10. HP: 64/64 MP: 2/14
  4902 | D:6      | Reached ** piety under Okawaru
  5686 | D:7      | Found a shimmering altar of Xom.
  5928 | D:7      | Noticed Menkaure
  5932 | D:7      | Killed Menkaure
  6240 | D:8      | Reached skill level 5 in Shields
  6369 | D:8      | Reached *** piety under Okawaru
  7029 | D:9      | Noticed a kobold demonologist
  7036 | D:9      | Noticed a smoke demon
  7037 | D:9      | Killed a kobold demonologist
  7037 | D:9      | Reached **** piety under Okawaru
  7038 | D:9      | Reached XP level 11. HP: 68/68 MP: 9/15
  7578 | D:9      | Found a burning altar of Makhleb.
  7660 | D:10     | Entered Level 10 of the Dungeon
  7934 | D:10     | Gained mutation: You have sharp toenails. [potion of
                  | mutation]
  7934 | D:10     | Gained mutation: You have an increased reservoir of magic.
                  | (+10% MP) [potion of mutation]
  7934 | D:10     | Gained mutation: You possess an exceptional clarity of
                  | mind. [potion of mutation]
  7934 | D:10     | Gained mutation: Your natural rate of healing is unusually
                  | fast. [potion of mutation]
  7938 | D:10     | Reached skill level 5 in Spellcasting
  7962 | D:10     | Found a staircase to the Orcish Mines.
  8313 | D:10     | Reached skill level 1 in Throwing
  8477 | D:10     | Reached skill level 1 in Invocations
  8634 | D:10     | Found a staircase to the Lair.
  8983 | D:2      | Bought a pair of glowing gloves for 225 gold pieces
  9130 | D:6      | Killed p00ps00p's ghost
  9130 | D:6      | Reached ***** piety under Okawaru
  9131 | D:6      | Reached skill level 1 in Evocations
  9518 | D:11     | Noticed a boulder beetle
  9651 | D:11     | Killed a boulder beetle
  9725 | D:11     | Received a gift from Okawaru
  9942 | D:11     | Reached XP level 12. HP: 49/75 MP: 21/21
 10121 | D:12     | Noticed a two-headed ogre
 10213 | D:11     | Killed a two-headed ogre
 10213 | D:11     | Received a gift from Okawaru
 10290 | D:12     | Reached skill level 5 in Invocations
 10328 | D:12     | Reached ****** piety under Okawaru
 10328 | D:12     | Received a gift from Okawaru
 10372 | D:12     | Found a frozen archway.
 10379 | IceCv    | Entered an ice cave
 10454 | IceCv    | Reached skill level 5 in Throwing
 10471 | IceCv    | Identified the +8 hand axe "Jecleit" {vorpal, rPois MP+9
                  | Str+2} (Okawaru gifted it to you in an ice cave)
 10471 | IceCv    | Received a gift from Okawaru
 10502 | IceCv    | Reached skill level 5 in Evocations
 10705 | IceCv    | Found a viscous altar of Jiyva.
 10705 | IceCv    | Noticed an azure jelly
 10707 | IceCv    | Noticed an azure jelly
 10829 | IceCv    | Slain by an azure jelly

Illustrated notes

Levels and vault maps discovered:
D:1:      beargit_arrival_diablo_church, layout_loops_ring
D:2:      layout_loops_cross, basic_altar, serial_shops, nicolae_square_shop,
          minmay_misc_feat_five, nicolae_elevator_lobby_asterisk
D:3:      layout_basic, serial_shops, nicolae_shop_hallway_stairs
D:4:      layout_basic, overflow_temple_1_default, temple_fountains, uniq_pikel,
          uniq_blork_the_orc
D:5:      layout_cave_pools, yredelemnul_altar_generic, lemuel_flame_loot_1
D:6:      layout_basic, nicolae_overflow_hidden_temple,
          mainiacjoe_overflow_catwalk_spiral, gammafunk_ghost_arena
D:7:      layout_loops_cross, mainiacjoe_overflow_surrounded_room, uniq_menkaure
D:8:      minmay_spotlight, layout_basic, serial_glass, glass_columns_a,
          glass_columns_a, glass_columns_b, glass_columns_c,
          supply_closet_lemuel, interstate_on_off
D:9:      layout_roguey, kennysheep_mini, chequers_arboretum
D:10:     layout_basic, lair_entry_dummy, zombieorc2_lemuel
D:11:     layout_rooms
D:12:     layout_cross, portal_ice_cave_demonic_guard
Temple:   nicolae_temple_superstar
IceCv:    ice_cave_hellmonk_azure_passage

Skill      XL: |  1  2  3  4  5  6  7  8  9 10 11 12 |
---------------+-------------------------------------+-----
Armour         | 1 2 3 4 6 |  6.4
Stealth        | 6 7 8 |  8.0
Dodging        | 2 3 5 6 |  6.2
Fighting       | 4 5 7 8 |  8.3
Axes           | 1 2 5 7 8 |  8.0
Shields        | 4 5 |  5.4
Spellcasting   | 3 5 |  5.0
Conjurations   | 5 |  5.5
Earth Magic    | 6 |  6.0
Throwing       | 3 5 |  5.0
Invocations    | 3 7 |  7.0
Evocations     | 2 5 |  5.0
Maces & Flails | |  2.5

Action                   |  1- 3 |  4- 6 |  7- 9 | 10-12 || total
-------------------------+-------+-------+-------+-------++-------
Melee: Mace              |   106 |    37 |       |       ||   143
       Punch             |     1 |       |     1 |       ||     2
       Hand axe          |       |    59 |    95 |   273 ||   427
Throw: Dart              |     8 |       |     2 |    18 ||    28
       Stone             |     1 |       |       |       ||     1
       Boomerang         |       |       |    19 |       ||    19
       Javelin           |       |       |       |    26 ||    26
 Cast: Stone Arrow       |       |       |     6 |   169 ||   175
       Sandblast         |       |       |     3 |   125 ||   128
       Shock             |       |       |     3 |     6 ||     9
       Passwall          |       |       |       |     5 ||     5
Invok: Heroism           |       |       |       |     3 ||     3
       Finesse           |       |       |       |     1 ||     1
Evoke: Wand              |       |       |     1 |    10 ||    11
       Lightning rod     |       |       |       |     5 ||     5
  Use: Potion            |     1 |     4 |     2 |     8 ||    15
       Scroll            |     1 |     1 |     4 |    20 ||    26
 Stab: Sleeping          |     7 |     8 |    10 |     1 ||    26
Armor: Leather armour    |     8 |    22 |     7 |       ||    37
       Ring mail         |    70 |    15 |       |       ||    85
       Robe              |       |       |    58 |   274 ||   332
Dodge: Dodged            |    88 |    67 |    76 |   427 ||   658
Block: Buckler           |       |       |     5 |   178 ||   183

Table legend: (Time is in decaauts)
 A = Elapsed time spent in this place.
 B = Non-inter-level travel time spent in this place.
 C = Inter-level travel time spent in this place.
 D = Time resting spent in this place.
 E = Time spent auto-exploring this place.
 F = Levels seen in this place.
 G = Mean time per level.
                   A        B        C        D        E       F      G
               +--------+--------+--------+--------+--------+-----+--------+
         Total |  10940 |   9933 |   1007 |     27 |   6842 |  14 |  781.4 |
       Dungeon |  10316 |   9320 |    996 |     25 |   6489 |  12 |  859.7 |
        Temple |    180 |    169 |     11 |      0 |    103 |   1 |  180.0 |
      Ice Cave |    444 |    444 |      0 |      2 |    250 |   1 |  444.0 |
               +--------+--------+--------+--------+--------+-----+--------+

Top non-repeatable levels by time:
     D:6: 1428 daAuts
    D:10: 1329 daAuts
     D:8: 1044 daAuts
     D:1: 909 daAuts
     D:3: 857 daAuts
     D:4: 840 daAuts
     D:2: 821 daAuts
    D:11: 811 daAuts
     D:7: 733 daAuts
     D:9: 704 daAuts
     D:5: 661 daAuts
   IceCv: 444 daAuts
  Temple: 180 daAuts
    D:12: 175 daAuts
